 Dungeon Crawl Stone Soup version 0.22.1-6-g1668fe2 (webtiles) character file.

781 Harpaggios the Changer (level 7, -1/82 HPs)
             Began as a Merfolk Transmuter on Jan 17, 2019.
             Was an Initiate of Ashenzari.
             Shot with an arrow by a centaur (7 damage)
             ... on level 6 of the Dungeon.
             The game lasted 00:20:15 (5667 turns).

Harpaggios the Changer (Merfolk Transmuter)         Turns: 5667, Time: 00:20:16

Health: -1/82      AC:  2    Str: 15    XL:     7   Next: 85%
Magic:  1/10       EV: 17    Int: 19    God:    Ashenzari [......]
Gold:   234        SH:  0    Dex: 15    Spells: 0/10 levels left

rFire    . . .     SeeInvis .     - Unarmed
rCold    . . .     Gourm    .   (no shield)
rNeg     . . .     Faith    .   b - +0 robe
rPois    +         Spirit   .   (no helmet)
rElec    .         Reflect  .   (no cloak)
rCorr    .         Harm     .   (no gloves)
MR       .....                  (no boots)
Stlth    ..........             (no amulet)
HPRegen  0.23/turn              c - +4 ring of evasion
MPRegen  0.12/turn              i - ring of poison resistance (curse)

@: brilliant, berserking, very quick
A: change form in water, swift swim, stealthy swim
a: Curse Item, Renounce Religion


You were on level 6 of the Dungeon.
You worshipped Ashenzari.
Ashenzari was noncommittal.
You were very hungry.

You visited 1 branch of the dungeon, and saw 6 of its levels.

You collected 234 gold pieces.

Inventory:

Missiles
 a - 56 arrows
Armour
 b - a +0 robe (worn)
Jewellery
 c - a +4 ring of evasion (left hand)
 g - an uncursed ring of positive energy
 i - a cursed ring of poison resistance (right hand)
 j - an uncursed ring of magical power
Wands
 t - a wand of disintegration (13)
Scrolls
 l - 2 scrolls of amnesia
 o - 4 scrolls of teleportation
 r - a scroll of identify
Potions
 e - 2 potions of haste
 f - 2 potions of curing
 h - a potion of brilliance
 p - a potion of heal wounds {unknown}
 q - a potion of degeneration {unknown}
Comestibles
 d - 9 rations


   Skills:
 + Level 4.3 Fighting
 - Level 2.6 Dodging
 + Level 5.4 Unarmed Combat
 - Level 2.0 Spellcasting
 * Level 7.7 Transmutations
 - Level 3.0 Poison Magic


You couldn't memorise any spells.
You knew the following spells:

 Your Spells              Type           Power        Failure   Level  Hunger
a - Beastly Appendage     Tmut           #####.       1%          1    #......
b - Sticks to Snakes      Tmut           #####...     1%          2    ###....
c - Spider Form           Tmut/Pois      ####......   1%          3    ###....
d - Ice Form              Ice/Tmut       ####....     4%          4    #####..

Your spell library contained the following spells:

 Spells                   Type           Power        Failure   Level  Hunger
 Blade Hands              Tmut           #####.....   2%          5    ######.


Dungeon Overview and Level Annotations

Branches:
Dungeon (6/15)
 Temple: D:4-7

Altars:
Ashenzari
Nemelex Xobeh

Annotations:
D:4 Eustachio
D:6 Dowan, Duvessa


Message History

Your ball python closely misses Dowan.
Your ball python grabs Dowan.
Your ball python constricts Dowan.
Your ball python bites Dowan.
It was a potion of brilliance.
You feel clever all of a sudden.
The centaur shoots an arrow.
The arrow hits your adder!
Your adder dies!
Dowan casts a spell at something.
Your ball python bites Dowan.
Your ball python constricts Dowan.
Your ball python barely misses Dowan.
Your ball python bites Dowan but does no damage.
Dowan casts a spell.
Dowan struggles to blink free from constriction.
Something loses its grip on Dowan.
Something hits your ball python.
Your ball python dies!
You see here an arrow.
It was a potion of berserk rage.
A red film seems to cover your vision as you go berserk!
You feel yourself moving faster!
You feel mighty!
The centaur shoots an arrow.
The arrow hits you!
You die...

..#.$.# .# #.#.#.##.#
############ #.#.#.... .
#..........# #.#....##..
#..........# #..S.......
#..........# #.Se..?...
#..........# #.((......
#..........#
#####S#e#.....
#..........# #.@(c.#.#
... #.##.#######
#.#####.# $ #.##.# #...#
.. #....### #.### ##
#..#...# ####.# ...##..#
#....########
#.###..#####.###......<#
#.....<......# #.#...###
#####........###.#...#


You could see a centaur and a friendly ball python.

Vanquished Creatures
  A water moccasin skeleton (D:5)
  A howler monkey (D:4)
  A crimson imp (D:6)
  A hound (D:6)
  A jelly (D:6)
  An orc priest (D:6)
  Natasha (D:4)
  2 orc wizards (D:4)
  6 adders
  3 gnolls (D:2)
  A howler monkey skeleton (D:4)
  4 oozes
  An adder zombie (D:5)
  A worm (D:2)
  2 adder skeletons (D:4)
  2 dart slugs
  5 leopard geckos
  5 orcs
  6 bats
  3 giant cockroaches
  7 goblins
  7 hobgoblins
  4 jackals (D:3)
  4 kobolds
  2 quokkas
  5 frilled lizards
  A jackal zombie (D:5)
  6 rats
84 creatures vanquished.

Vanquished Creatures (collateral kills)
  Grinder (D:3)
  An ice beast (D:6)
  An ogre (D:5)
  A scorpion (D:4)
  A hound (D:4)
  An orc wizard (D:4)
  A gnoll (D:2)
  4 orcs (D:3)
  A bat (D:2)
  2 rats (D:3)
14 creatures vanquished.

Vanquished Creatures (others)
  An orc wizard (D:4)
1 creature vanquished.

Grand Total: 99 creatures vanquished

Notes
Turn   | Place    | Note
-------+----------+-------------------------------------------
     0 | D:1      | Harpaggios the Merfolk Transmuter began the quest for the
                  | Orb.
     0 | D:1      | Reached XP level 1. HP: 15/15 MP: 3/3
   163 | D:1      | Reached skill level 3 in Transmutations
   332 | D:1      | Reached XP level 2. HP: 18/21 MP: 5/5
   945 | D:2      | Reached XP level 3. HP: 22/27 MP: 4/6
  1056 | D:2      | Reached skill level 4 in Transmutations
  1092 | D:2      | Learned a level 2 spell: Sticks to Snakes
  1096 | D:2      | Learned a level 3 spell: Spider Form
  1194 | D:2      | Reached XP level 4. HP: 26/33 MP: 7/7
  1582 | D:2      | Reached skill level 5 in Transmutations
  1590 | D:2      | Reached XP level 5. HP: 36/39 MP: 1/8
  2143 | D:3      | Noticed Grinder
  3124 | D:4      | Reached skill level 1 in Poison Magic
  3124 | D:4      | Reached XP level 6. HP: 47/47 MP: 9/9
  3417 | D:4      | Reached skill level 6 in Transmutations
  3843 | D:4      | Noticed Natasha
  3850 | D:4      | Killed Natasha
  3903 | D:4      | Found a sparkling altar of Nemelex Xobeh.
  3958 | D:4      | Noticed Eustachio
  4245 | D:3      | Killed Grinder
  4245 | D:3      | Reached skill level 5 in Unarmed Combat
  4245 | D:3      | Reached skill level 7 in Transmutations
  4245 | D:3      | Reached XP level 7. HP: 53/53 MP: 5/10
  4273 | D:5      | Entered Level 5 of the Dungeon
  4285 | D:5      | Learned a level 4 spell: Ice Form
  4739 | D:5      | Found a shattered altar of Ashenzari.
  4742 | D:5      | Became a worshipper of Ashenzari the Shackled
  5652 | D:6      | Noticed Dowan
  5652 | D:6      | Noticed Duvessa
  5667 | D:6      | Shot with an arrow by a centaur

Skill      XL: |  1  2  3  4  5  6  7 |
---------------+----------------------+-----
Transmutations | 3 4 5 7 |  7.7
Fighting       | 2 3 4 |  4.3
Unarmed Combat | 4 5 |  5.4
Poison Magic   | 1 2 3 |  3.0
Dodging        | |  2.6
Spellcasting   | |  2.0

Action                   |  1- 3 |  4- 6 |  7- 9 || total
-------------------------+-------+-------+-------++-------
Melee: Unarmed           |   105 |   219 |    56 ||   380
       Headbutt          |     3 |    19 |     2 ||    24
       Punch             |     2 |     1 |     4 ||     7
 Cast: Beastly Appendage |     4 |    17 |     2 ||    23
       Sticks to Snakes  |       |    20 |    13 ||    33
Invok: Curse Item        |       |       |     1 ||     1
  Use: Scroll            |     2 |     5 |     1 ||     8
       Potion            |       |       |     2 ||     2
 Stab: Sleeping          |     2 |     3 |       ||     5
       Distracted        |       |     1 |       ||     1
  Eat: Chunk             |     1 |     7 |     2 ||    10
       Ration            |       |     1 |     1 ||     2
Armor: Robe              |    12 |    20 |     4 ||    36
Dodge: Dodged            |    79 |   132 |    45 ||   256
